 Dungeon Crawl Stone Soup version 0.30-a0-793-g160f7cfddd (webtiles) character file.

Game seed: 6154415519626046027

37 Aneyh the Trooper (level 3, 0/24 HPs)
             Began as a Tengu Monk on Feb 19, 2023.
             Slain by a goblin
             ... wielding a +1 dagger of distortion
              (3 damage)
             ... on level 2 of the Dungeon.
             The game lasted 00:01:12 (771 turns).

Aneyh the Trooper (Tengu Monk)                       Turns: 771, Time: 00:01:12

Health: 0/24       AC:  2    Str: 13    XL:     3   Next: 41%
Magic:  4/4        EV: 13    Int: 10    God:
Gold:   34         SH:  0    Dex: 16    Spells: 2/2 levels left

rFire   . . .      SeeInvis .    a - +0 mace
rCold   . . .      Faith    .    (no shield)
rNeg    . . .      Spirit   .    e - +0 robe
rPois   .          Reflect  .    (helmet restricted)
rElec   .          Harm     .    (no cloak)
rCorr   .          Rampage  .    (no gloves)
Will    .....                    (boots unavailable)
Stlth   ++                       (no amulet)
HPRegen 0.24/turn                (no ring)
MPRegen 0.09/turn                (no ring)

@: no status effects
A: beak, talons 3
a: no special abilities


You were on level 2 of the Dungeon.
You visited 1 branch of the dungeon, and saw 2 of its levels.

You collected 34 gold pieces.

Inventory:

Hand Weapons
 a - a +0 mace (weapon)
 b - a +0 dagger of speed
 h - a +0 trident
Armour
 e - a +0 robe (worn)
Scrolls
 g - a scroll of amnesia {unknown}
 i - a scroll of identify {unknown}
 j - a scroll of magic mapping {unknown}
 k - a scroll of fear {unknown}
 l - a scroll of enchant armour {unknown}
Potions
 c - a potion of ambrosia
 d - a potion of might {unknown}
 f - a potion of brilliance {unknown}
 m - a potion of curing {unknown}


   Skills:
 + Level 4.4 Fighting
 - Level 3.2 Maces & Flails
 - Level 3.2 Dodging
 - Level 2.0 Stealth


You had 2 spell levels left.
You didn't know any spells.
Your spell library contained the following spells:

 Spells                   Type           Power      Damage    Failure   Level
 Ensorcelled Hibernation  Hex/Ice        0%         N/A       50%         2
 Lesser Beckoning         Tloc           0%         N/A       50%         2
 Passwall                 Tmut/Erth      0%         N/A       50%         2
 Gell's Gravitas          Tloc           0%         N/A       75%         3
 Swiftness                Air            0%         N/A       75%         3
 Teleport Other           Tloc           0%         N/A       75%         3


Dungeon Overview and Level Annotations

Branches:
Dungeon (2/15)

Altars:

Shops:
D:1 *


Innate Abilities, Weirdness & Mutations

You have a beak for a mouth.
You have claws for feet.


Message History

You hit the frilled lizard but do no damage.
The frilled lizard bites you.
You closely miss the frilled lizard. The frilled lizard bites you.
A frilled lizard is nearby!
You barely miss the frilled lizard. Your kick misses the frilled lizard.
The frilled lizard barely misses you.
You barely miss the frilled lizard. Your kick misses the frilled lizard.
The frilled lizard barely misses you. The frilled lizard closely misses you.
A frilled lizard is nearby!
You sock the frilled lizard!
You kill the frilled lizard!
A hobgoblin comes into view.
Found a clear potion.
The hobgoblin shouts!
A hobgoblin is nearby!
A hobgoblin is nearby!
The hobgoblin barely misses you.
A hobgoblin is nearby!
You hit the hobgoblin.
You kill the hobgoblin!
No target in view!
m - a clear potion
Found a quarterstaff.
You see here a +0 quarterstaff.
A goblin comes into view.
It is wielding a +1 dagger of distortion.
The goblin shouts!
You hit the goblin. Your kick misses the goblin.
The goblin is severely wounded.
The goblin hits you with a +1 dagger of distortion.
Space warps around you.
You hit the goblin but do no damage.
The goblin is severely wounded.
The goblin hits you with a +1 dagger of distortion.
Space warps horribly around you!
Ouch! That really hurt!
* * * LOW HITPOINT WARNING * * *
The goblin hits you with a +1 dagger of distortion.
* * * LOW HITPOINT WARNING * * *
Space warps around you.
You die...

#.########
#........#
#.######.#
#.#......#
#.#.###### #.#.#
#.#.#######
#.#.##)...#
#@#.##.##.#
#g#.##.##.#######
#.#.....#.......#
#.#############.#
... #.# ### # #.#
#. #.# ##[ #.#
#.. #.#


You could see a goblin.

Vanquished Creatures
  3 dart slugs (D:1)
  3 bats (D:1)
  5 endoplasms
  2 giant cockroaches (D:1)
  2 goblins (D:1)
  5 hobgoblins
  A frilled lizard (D:2)
  3 kobolds
  2 rats (D:1)
26 creatures vanquished.

Notes
Turn   | Place    | Note
-------+----------+-------------------------------------------
     0 | D:1      | Aneyh the Tengu Monk began the quest for the Orb.
     0 | D:1      | Reached XP level 1. HP: 14/14 MP: 2/2
    60 | D:1      | Found Zyniji's General Store.
    93 | D:1      | Reached XP level 2. HP: 13/19 MP: 3/3
   184 | D:1      | Reached skill level 4 in Fighting
   270 | D:1      | Reached XP level 3. HP: 24/24 MP: 4/4
   771 | D:2      | Slain by a goblin

Illustrated notes

Levels and vault maps discovered:
D:1:      elethiomel_arrival_infinity_welcomes_careful_drivers, layout_basic,
          serial_shops, nicolae_shop_behind_doors
D:2:      layout_basic, basic_altar

Skill      XL: |  1  2 |
---------------+-------+-----
Fighting       | 4 |  4.4
Maces & Flails | |  3.2
Dodging        | |  3.2
Stealth        | |  2.0

Action                     || total
---------------------------++-------
  Melee: Mace              ||    54
         Peck              ||     6
         Kick              ||    11
         Punch             ||     1
   Stab: Sleeping          ||     1
 Armour: Robe              ||    11
  Dodge: Dodged            ||    37

Table legend: (Time is in decaauts)
 A = Elapsed time spent in this place.
 B = Non-inter-level travel time spent in this place.
 C = Inter-level travel time spent in this place.
 D = Time resting spent in this place.
 E = Time spent auto-exploring this place.
 F = Levels seen in this place.
 G = Mean time per level.
                   A        B        C        D        E       F      G
               +--------+--------+--------+--------+--------+-----+--------+
         Total |    783 |    775 |      8 |      0 |    593 |   2 |  391.5 |
       Dungeon |    783 |    775 |      8 |      0 |    593 |   2 |  391.5 |
               +--------+--------+--------+--------+--------+-----+--------+

Top non-repeatable levels by time:
     D:1: 673 daAuts
     D:2: 110 daAuts
